 Dungeon Crawl Stone Soup version 0.26-a0-672-g1df16c3386 (webtiles) character file.

Game seed: 3923838214748842384

648 robertstho the Magician (level 7, -7/37 HPs)
             Began as a Deep Elf Ice Elementalist on Oct 19, 2020.
             Was an Initiate of Sif Muna.
             Killed by miscasting Summon Ice Beast (13 damage)
             ... on level 5 of the Dungeon.
             The game lasted 00:08:10 (5359 turns).

robertstho the Magician (Deep Elf Ice Elementalist) Turns: 5359, Time: 00:08:10

Health: -7/37      AC:  3    Str:  5    XL:     7   Next: 27%
Magic:  12/19      EV: 13    Int: 22    God:    Sif Muna [......]
Gold:   250        SH:  0    Dex: 15    Spells: 4/19 levels left

rFire    . . .     SeeInvis .   x - +2 dagger (freeze)
rCold    . . .     Faith    .   (no shield)
rNeg     . . .     Spirit   .   n - +0 robe
rPois    .         Reflect  .   k - +0 helmet
rElec    .         Harm     .   (no cloak)
rCorr    +         Rampage  .   (no gloves)
MR       .....                  (no boots)
Stlth    +++.......             (no amulet)
HPRegen  0.12/turn              q - ring of resist corrosion
MPRegen  0.16/turn              (no ring)

@: frozen ramparts, very slightly contaminated, studying Stealth
A: no striking features
a: Renounce Religion


You were on level 5 of the Dungeon.
You worshipped Sif Muna.
Sif Muna was noncommittal.
You visited 2 branches of the dungeon, and saw 6 of its levels.

You collected 250 gold pieces.

Inventory:

Hand Weapons
 s - a +0 long sword
 x - a +2 dagger of freezing (weapon)
Missiles
 r - 23 poisoned darts (quivered)
Armour
 k - a +0 helmet (worn)
 n - a +0 robe (worn)
Magical Staves
 b - an uncursed staff of fire
Jewellery
 q - a ring of resist corrosion (left hand)
 y - an uncursed amulet of reflection {unknown}
Scrolls
 e - a scroll of immolation {unknown}
 g - a scroll of amnesia {unknown}
 h - 2 scrolls of remove curse
 m - 2 scrolls of enchant armour {unknown}
 o - a scroll of noise {unknown}
 p - 2 scrolls of enchant weapon {unknown}
 u - a scroll of teleportation {unknown}
 v - a scroll of fear {unknown}
Potions
 a - 2 potions of magic
 c - 3 potions of lignification
 d - 3 potions of haste
 f - 2 potions of stabbing {unknown}
 j - a potion of might {unknown}
 l - a potion of brilliance {unknown}
 t - a potion of flight {unknown}
 w - 2 potions of mutation {unknown}
Books
 i - a manual of Stealth


   Skills:
 + Level 0.5 Fighting
 + Level 1.4 Short Blades
 + Level 2.8 Dodging
 + Level 4.8 Stealth
 * Level 6.8 Spellcasting
 * Level 6.5 Ice Magic
 * Level 2.8 Invocations


You had 4 spell levels left.
You knew the following spells:

 Your Spells              Type           Power        Failure   Level
a - Freeze                Ice            ####         1%          1
b - Frozen Ramparts       Ice            #####.       1%          3
c - Ozocubu's Armour      Ice            #####...     1%          3
d - Hailstorm             Conj/Ice       ###.....     22%         4
e - Summon Ice Beast      Ice/Summ       ###.....     22%         4

Your spell library contained the following spells:

 Spells                   Type           Power        Failure   Level


Dungeon Overview and Level Annotations

Branches:
Dungeon (5/15)             Temple (1/1) D:4

Altars:
Ashenzari
Cheibriados
Dithmenos
Elyvilon
Fedhas
Gozag
Kikubaaqudgha
Makhleb
Nemelex Xobeh
Okawaru
Ru
Sif Muna
Trog
Vehumet
Wu Jian
Xom
Zin


Message History

The puff of frost hits you!
* * * LOW HITPOINT WARNING * * *
The wall freezes the gnoll.
The white imp resists.
The wall freezes the white imp.
The white imp gestures at you. The puff of frost misses you.
The wall freezes the gnoll!
You kill the gnoll!
Sif Muna accepts your kill.
The white imp completely resists.
The wall freezes the white imp but do no damage.
The white imp completely resists.
The wall freezes the white imp but do no damage.
Casting: Frozen Ramparts (safe; 1% risk of failure)
Confirm with . or Enter, or press ? or * to list all spells.
The spell is extremely dangerous to cast (22% risk of failure)!
Continue anyway?
You miscast Summon Ice Beast.
You are very lightly contaminated with residual magic.
You are caught in an explosion of ice and frost!
You die...

...###.############.#
#### #.##........##.#
#.##.# ####.##.#
##+##.# #.......#
##...#.# #.##.####
##......###.##.#
##..............##
##.........##.#...##
.'.........'>...@..#
##.........##.#...##
##.......###....##
##.....## ####5#
##...## #.# ##'## #.#
.# #)# # #######)#
....5.).#


You could see a white imp.

Vanquished Creatures
  An ogre (D:5)
  3 hounds
  2 orc priests
  A bullfrog skeleton (D:4)
  A jelly (D:5)
  An iguana (D:4)
  3 orc wizards (D:4)
  A howler monkey skeleton (D:4)
  7 gnolls
  7 adders
  An adder zombie (D:5)
  2 worms
  3 dart slugs
  2 leopard geckos
  9 orcs
  8 bats
  6 giant cockroaches
  7 goblins
  4 hobgoblins
  6 kobolds
  A quokka (D:3)
  2 ball pythons
  3 frilled lizards (D:1)
  A jackal zombie (D:5)
  2 leopard gecko skeletons
  5 rats
89 creatures vanquished.

Vanquished Creatures (collateral kills)
  A bullfrog skeleton (D:5)
1 creature vanquished.

Grand Total: 90 creatures vanquished

Notes
Turn   | Place    | Note
-------+----------+-------------------------------------------
     0 | D:1      | robertstho the Deep Elf Ice Elementalist began the quest
                  | for the Orb.
     0 | D:1      | Reached XP level 1. HP: 10/10 MP: 6/6
   178 | D:1      | Reached XP level 2. HP: 7/15 MP: 4/8
  1592 | D:2      | Reached skill level 5 in Ice Magic
  1592 | D:2      | Reached XP level 3. HP: 19/19 MP: 8/10
  1647 | D:2      | Learned a level 3 spell: Frozen Ramparts
  1651 | D:2      | Learned a level 3 spell: Ozocubu's Armour
  1785 | D:2      | Found a burning altar of Makhleb.
  2410 | D:2      | Found an opulent altar of Gozag.
  2413 | D:2      | Reached XP level 4. HP: 24/24 MP: 8/12
  2443 | D:2      | Found a sparkling altar of Nemelex Xobeh.
  3515 | D:4      | Reached skill level 5 in Spellcasting
  3633 | D:4      | Found a staircase to the Ecumenical Temple.
  3639 | D:4      | Reached XP level 5. HP: 28/28 MP: 10/14
  3663 | Temple   | Entered the Ecumenical Temple
  3829 | Temple   | Became a worshipper of Sif Muna the Loreminder
  4143 | D:4      | Reached skill level 1 in Short Blades
  4143 | D:4      | Reached skill level 1 in Invocations
  4287 | D:4      | Reached XP level 6. HP: 31/32 MP: 11/16
  4470 | D:5      | Entered Level 5 of the Dungeon
  4545 | D:4      | Learned a level 4 spell: Hailstorm
  4550 | D:4      | Learned a level 4 spell: Summon Ice Beast
  5087 | D:5      | Reached XP level 7. HP: 30/36 MP: 14/18
  5359 | D:5      | Killed by miscasting Summon Ice Beast

Illustrated notes

Levels and vault maps discovered:
D:1:      minmay_arrival_up_and_down, layout_loops_cross
D:2:      layout_loops_corners, grunt_temple_overflow_opulence, bloody_makhleb
D:3:      layout_rooms
D:4:      layout_rooms, minmay_temple_entry_junction_2
D:5:      layout_loops_corners, minmay_manual_monstrance
Temple:   bh_familiar_temple

Skill      XL: |  1  2  3  4  5  6 |
---------------+-------------------+-----
Spellcasting   | 4 5 6 |  6.8
Ice Magic      | 5 6 |  6.5
Short Blades   | 1 |  1.4
Stealth        | 3 4 |  4.8
Invocations    | 1 2 |  2.8
Fighting       | |  0.5
Dodging        | |  2.8

Action                   |  1- 3 |  4- 6 |  7- 9 || total
-------------------------+-------+-------+-------++-------
Melee: Dagger            |    34 |   116 |    13 ||   163
 Cast: Freeze            |    38 |     1 |       ||    39
       Frozen Ramparts   |     8 |    23 |     3 ||    34
       Ozocubu's Armour  |       |     2 |       ||     2
       Summon Ice Beast  |       |     1 |       ||     1
  Use: Scroll            |       |     5 |       ||     5
 Stab: Sleeping          |       |     7 |       ||     7
Armor: Robe              |    21 |    37 |     2 ||    60
Dodge: Dodged            |    54 |    80 |    10 ||   144

Table legend: (Time is in decaauts)
 A = Elapsed time spent in this place.
 B = Non-inter-level travel time spent in this place.
 C = Inter-level travel time spent in this place.
 D = Time resting spent in this place.
 E = Time spent auto-exploring this place.
 F = Levels seen in this place.
 G = Mean time per level.
                   A        B        C        D        E       F      G
               +--------+--------+--------+--------+--------+-----+--------+
         Total |   5351 |   5206 |    145 |    698 |   3647 |   6 |  891.8 |
       Dungeon |   5162 |   5039 |    123 |    698 |   3484 |   5 | 1032.4 |
        Temple |    188 |    166 |     22 |      0 |    163 |   1 |  188.0 |
               +--------+--------+--------+--------+--------+-----+--------+

Top non-repeatable levels by time:
     D:2: 1447 daAuts
     D:1: 1105 daAuts
     D:4: 1020 daAuts
     D:5: 873 daAuts
     D:3: 715 daAuts
  Temple: 188 daAuts
